AoeStats
← amjedballer

Arabia

510200746Analyzed
1v1 RM · 2d ago on Sep 29, 2026· 42m 25s· 2 players
Game mode
Random Map
Map size
Tiny (2 player)
Population
200
Speed
Normal
Resources
Standard
Victory
Conquest
Starting age
Dark Age
Ending age
Imperial Age
RankedLock teamsTeams togetherTeam positionsShared explorationLock speedFull tech treeHidden civsTurbo modeCheats
Victory
Defeat
🇺🇸 Vietnamese · United States
941
+16
🇺🇸 Khmer · United States
945
-16
deekzor
8:27 Loom
10:25 Feudal Age
11:18 Double-Bit Axe
13:54 Wheelbarrow
17:28 Castle Age
17:01 Bloodlines
16:59 Horse Collar
17:39 Gold Mining
21:55 Husbandry
22:16 Forging
22:38 Scale Barding Armor
24:37 Stone Mining
25:15 Fletching
26:13 Hand Cart
26:21 Bow Saw
26:11 Bodkin Arrow
27:10 Town Watch
27:50 Heavy Plow
28:57 Padded Archer Armor
33:09 Imperial Age
31:48 Leather Archer Armor
33:25 Chain Barding Armor
33:38 Ballistics
33:11 Heavy Cavalry Archer
34:24 Thumb Ring
35:44 Bracer
36:46 Chemistry
35:56 Cavalier
38:57 Plate Barding Armor
39:46 Ring Archer Armor
39:45 Paper Money
39:08 Capped Ram
41:19 Iron Casting
42:07 Squires
amjedballer
3:59 Loom
10:40 Feudal Age
11:26 Double-Bit Axe
12:58 Horse Collar
13:44 Gold Mining
21:33 Castle Age
19:36 Fletching
20:35 Padded Archer Armor
22:02 Crossbowman
27:04 Wheelbarrow
28:16 Hand Cart
28:35 Town Watch
29:58 Gold Shaft Mining
30:16 Stone Mining
31:48 Stone Shaft Mining
31:22 Town Patrol
32:42 Ballistics
36:25 Bodkin Arrow
36:45 Leather Archer Armor
41:19 Imperial Age
39:59 Elite Skirmisher
40:56 Masonry
41:58 Arbalester
Connection lost

Rejoining the realm…

Still unreachable

The connection could not be restored.

Session expired

The server has moved on; the page needs a fresh start.